 Dungeon Crawl Stone Soup version 0.27.1-36-g1b1ada6b1e (webtiles) character file.

Game seed: 15903688007603324998

2592 KleinerIrrer the Thaumaturge (level 9, 57/57 HPs)
             Began as a Mummy Ice Elementalist on Oct 6, 2021.
             Was a High Priest of Cheibriados.
             Safely got out of the dungeon.
             The game lasted 00:32:13 (8506 turns).

KleinerIrrer the Thaumaturge (MuIE)                 Turns: 8506, Time: 00:32:14

Health: 57/57      AC:  8    Str: 24    XL:     9   Next: 33%
Magic:  23/23      EV: 12    Int: 29    God:    Cheibriados [*****.]
Gold:   64         SH:  0    Dex: 24    Spells: 15/29 levels left

rFire    . . .     SeeInvis .   c - +1 dagger (protect)
rCold    + . .     Faith    .   (no shield)
rNeg     + + +     Spirit   .   a - +0 robe
rPois    ∞         Reflect  .   (no helmet)
rElec    .         Harm     .   q - +2 cloak
rCorr    .         Rampage  .   (no gloves)
Will     +....                  i - +2 pair of boots
Stlth    ++........             (no amulet)
HPRegen  0.19/turn              d - ring of protection from fire
MPRegen  0.18/turn              (no ring)

@: very slow
A: cold resistance 1, negative energy resistance 3, torment resistance 2, heat
vulnerability 1, no potions
a: Renounce Religion, Bend Time, Temporal Distortion, Slouch, Step From Time


You escaped.
You worshipped Cheibriados.
Cheibriados was extremely pleased with you.
You visited 1 branch of the dungeon, and saw 6 of its levels.
You also visited: Sewer.

You collected 207 gold pieces.
You spent 143 gold pieces at shops.

Inventory:

Hand Weapons
 c - a +1 dagger of protection (weapon)
 o - a +3 halberd
Missiles
 f - 209 stones (quivered)
 g - 24 poisoned darts
Armour
 a - a +0 robe (worn)
 i - a +2 pair of boots (worn)
 q - a +2 cloak (worn)
Magical Staves
 e - a staff of cold
Jewellery
 d - a ring of protection from fire (left hand)
Scrolls
 b - a scroll of silence
 h - a scroll of enchant weapon
 j - 4 scrolls of teleportation
 k - a scroll of fear
 l - 2 scrolls of fog
 m - a scroll of blinking
 n - a scroll of summoning
 p - 3 scrolls of identify
 r - a scroll of magic mapping
 s - a scroll of enchant armour


   Skills:
 - Level 1.5 Dodging
 - Level 1.5 Stealth
 + Level 10.9 Spellcasting
 - Level 2.0 Translocations
 + Level 8.0 Ice Magic


You had 15 spell levels left.
You knew the following spells:

 Your Spells              Type           Power      Damage    Failure   Level
a - Freeze                Ice            100%       1d11      1%          1
b - Frozen Ramparts       Ice            100%       1d12      1%          3
c - Ozocubu's Armour      Ice            58%        N/A       1%          3
d - Hailstorm             Conj/Ice       39%        3d9       7%          4
e - Lesser Beckoning      Tloc           13%        N/A       4%          3

Your spell library contained the following spells:

 Spells                   Type           Power      Damage    Failure   Level
 Gell's Gravitas          Tloc           13%        N/A       4%          3
 Teleport Other           Tloc           27%        N/A       4%          3
 Conjure Flame            Conj/Fire      15%        6-21      11%         3
 Ignite Poison            Fire/Tmut/Pois 15%        N/A       11%         3
 Summon Guardian Golem    Hex/Summ       15%        N/A       11%         3
 Sticky Flame             Conj/Fire      15%        2d4       34%         4
 Orb of Destruction       Conj           7%         9d3       100%        7
 Spellforged Servitor     Conj/Summ      7%         N/A       100%        7


Dungeon Overview and Level Annotations

Branches:
Dungeon (6/15)             Temple (0/1) D:5           Sewer (visited)

Altars:
Ashenzari
Cheibriados
Gozag
Nemelex Xobeh
Ru
The Shining One

Shops:
D:4 ?

Annotations:
D:3 Jessica
D:4 1 runed translucent door, brob1's ghost, novice DjFE


Innate Abilities, Weirdness & Mutations

You are immune to poison.
Your flesh is cold resistant. (rC+)
You are immune to negative energy. (rN+++)
You are immune to unholy pain and torment.
You are vulnerable to heat. (rF-)
You do not drink.


Message History

Okay, then.
Your icy armour cracks and falls away as you move.
f - 209 stones (gained 1)
Found a stone staircase leading up.
There is an open door here.
You see here a +0 giant spiked club.
Done exploring.
Done exploring.
(D) Dungeon (T) Temple
Where to? (Enter - D:6, ? - help)
Okay, then.
Saving game... please wait.
Welcome back, KleinerIrrer the Mummy Ice Elementalist.
Cheibriados says: Take it easy.
Press ? for a list of commands and other information.
(D) Dungeon (T) Temple
Where to? (? - help)
What level of the Dungeon? (default 1, ? - help)
There is a stone staircase leading up here.
You climb upwards.
There is a stone staircase leading down here.
There is a stone staircase leading up here.
You climb upwards.
Level annotation: 1 runed translucent door, brob1's ghost, novice DjFE
There is a stone staircase leading down here.
There is a stone staircase leading up here.
You climb upwards.
Level annotation: Jessica
There is a stone staircase leading down here.
There is a stone staircase leading up here.
You climb upwards.
There is a stone staircase leading down here.
You see here a +0 short sword.
There is a stone staircase leading up here.
You climb upwards.
There is a stone staircase leading down here.
There is an open door here.
There is a staircase leading out of the dungeon here.
Are you sure you want to leave the Dungeon?
This will make you lose the game!
You have escaped!

.........#####'#####.##.# #.#
########.#####.#####..#.# #.#
..#....#..............#.# #.#
#.#.##.#...⌠..........#.####.#
#.#.##.#.....###.###.........#
#.#.#..#.##..###'####.#.###..#
..#.##.#.##..##...# #.....#..#
....####.##..##...# ##.......#
.......#.##..##.@.# #.>###.##
.......#.##..##...# #.>....#
...#####.##..##...# ########
.........##..######
#.#########..# .............#
##.#########.# ...## #.# ....#
#.#


There were no monsters in sight!

Vanquished Creatures
  A manticore (D:6)
  Grinder (D:3)
  3 water moccasins
  3 ice beasts (D:6)
  6 ogres
  A centaur (D:5)
  A phantom (D:5)
  2 bullfrogs (Sewer)
  2 scorpions (D:5)
  2 orc priests (D:6)
  A hound (D:6)
  2 orc wizards (D:6)
  An iguana (D:6)
  2 hound zombies (D:5)
  A hound skeleton (D:5)
  A howler monkey zombie (D:6)
  5 gnolls (D:4)
  A howler monkey skeleton (D:6)
  10 adders
  2 river rats (Sewer)
  5 worms
  A dart slug (D:1)
  8 orcs
  16 ball pythons
  3 bats
  14 endoplasms
  6 giant cockroaches
  7 goblins
  3 hobgoblins
  2 jackals (D:3)
  6 quokkas
  6 frilled lizards
  9 kobolds
  28 rats
162 creatures vanquished.

Vanquished Creatures (collateral kills)
  An orc (D:3)
1 creature vanquished.

Vanquished Creatures (others)
  3 plants (D:2)
  3 withered plants (D:2)
6 creatures vanquished.

Grand Total: 169 creatures vanquished

Notes
Turn   | Place    | Note
-------+----------+-------------------------------------------
     0 | D:1      | KleinerIrrer the Mummy Ice Elementalist began the quest for
                  | the Orb.
     0 | D:1      | Reached XP level 1. HP: 13/13 MP: 4/4
   659 | D:1      | Reached XP level 2. HP: 19/19 MP: 3/5
   707 | D:1      | Reached skill level 3 in Spellcasting
  1250 | D:2      | Found a faded altar of an unknown god.
  1298 | D:2      | Became a worshipper of Cheibriados the Contemplative
  1298 | D:2      | Reached * piety under Cheibriados
  1582 | D:2      | Reached XP level 3. HP: 17/24 MP: 0/7
  1899 | D:2      | Learned a level 3 spell: Frozen Ramparts
  1903 | D:2      | Learned a level 3 spell: Ozocubu's Armour
  2403 | D:2      | Reached skill level 4 in Spellcasting
  2666 | D:2      | Reached XP level 4. HP: 30/30 MP: 7/10
  2778 | D:2      | Reached ** piety under Cheibriados
  2859 | D:2      | Learned a level 4 spell: Hailstorm
  2956 | D:3      | Found a glowing drain.
  2967 | Sewer    | Entered a sewer
  3195 | Sewer    | Reached *** piety under Cheibriados
  3326 | Sewer    | Reached XP level 5. HP: 35/35 MP: 8/12
  3507 | Sewer    | Reached skill level 5 in Spellcasting
  3512 | Sewer    | Reached **** piety under Cheibriados
  3514 | Sewer    | Reached XP level 6. HP: 36/41 MP: 7/14
  3724 | D:3      | Reached skill level 5 in Ice Magic
  3736 | D:3      | Upgraded the game from 0.27.1-3-gb3d3a73c9e to
                  | 0.27.1-15-g792fb953b9
  3842 | D:3      | Reached skill level 6 in Spellcasting
  3930 | D:3      | Learned a level 3 spell: Lesser Beckoning
  4111 | D:3      | Noticed Grinder
  4129 | D:3      | Paralysed by Grinder for 4 turns
  4136 | D:3      | Paralysed by Grinder for 5 turns
  4162 | D:3      | Paralysed by Grinder for 4 turns
  4173 | D:3      | Paralysed by Grinder for 6 turns
  4186 | D:3      | Paralysed by Grinder for 5 turns
  4201 | D:3      | Paralysed by Grinder for 2 turns
  4211 | D:3      | Paralysed by Grinder for 4 turns
  4218 | D:3      | Killed Grinder
  4219 | D:3      | Reached skill level 1 in Translocations
  4219 | D:3      | Reached XP level 7. HP: 37/46 MP: 9/16
  4408 | D:3      | Noticed Jessica
  4679 | D:4      | Found a runed translucent door.
  4681 | D:4      | Noticed brob1's ghost (novice DjFE)
  4832 | D:4      | Identified a scroll of acquirement
  4833 | D:4      | Acquired a staff of cold
  5179 | D:4      | Found Dafeubb Daux's Magic Scroll Boutique.
  5201 | D:4      | Reached skill level 7 in Spellcasting
  5220 | D:4      | Bought 3 scrolls of identify for 66 gold pieces
  5220 | D:4      | Bought a scroll of identify for 22 gold pieces
  5220 | D:4      | Bought a scroll of teleportation for 33 gold pieces
  5220 | D:4      | Bought a scroll of identify for 22 gold pieces
  5505 | D:5      | Entered Level 5 of the Dungeon
  5535 | D:5      | Reached ***** piety under Cheibriados
  5800 | D:5      | Found a staircase to the Ecumenical Temple.
  5962 | D:5      | Reached skill level 8 in Spellcasting
  5962 | D:5      | Reached XP level 8. HP: 42/52 MP: 13/20
  6084 | D:5      | Found a sparkling altar of Nemelex Xobeh.
  6401 | D:5      | Found a sacrificial altar of Ru.
  6401 | D:5      | Found a broken altar of Ashenzari.
  6741 | D:6      | Found an opulent altar of Gozag.
  6750 | D:6      | Noticed a manticore
  6861 | D:6      | Killed a manticore
  6862 | D:6      | Reached skill level 9 in Spellcasting
  7187 | D:6      | Reached skill level 10 in Spellcasting
  7462 | D:6      | Reached XP level 9. HP: 32/57 MP: 20/23
  8379 | D:6      | Upgraded the game from 0.27.1-15-g792fb953b9 to
                  | 0.27.1-36-g1b1ada6b1e
  8506 | D:$      | Safely got out of the dungeon.

Illustrated notes

Levels and vault maps discovered:
D:1:      dpeg_arrival_rooms_a, layout_basic, chequers_serial_rivers_micro_e,
          chequers_arboretum
D:2:      layout_basic, shapermc_ecumenical_altar_flowoftime
D:3:      layout_rooms, tgw_sif, mainiacjoe_overflow_small_starburst,
          portal_sewer_entry_d, uniq_grinder
D:4:      layout_basic, ebering_ghost_sewer_d, kennysheep_windowed_goal
D:5:      layout_loops_ring, nemelex_dance_club_becter,
          gammafunk_temple_overflow_elements, lemuel_temple_firewalk_a,
          eino_small_chamber_without_monster
D:6:      layout_basic, mainiacjoe_overflow_catwalk

Skill      XL: |  1  2  3  4  5  6  7  8  9 |
---------------+----------------------------+-----
Spellcasting   | 3 4 5 6 8 10 | 10.9
Ice Magic      | 4 5 6 7 8 |  8.0
Translocations | 1 2 |  2.0
Dodging        | |  1.5
Stealth        | |  1.5

Action                   |  1- 3 |  4- 6 |  7- 9 || total
-------------------------+-------+-------+-------++-------
Melee: Dagger            |    34 |   108 |   140 ||   282
       Short sword       |     1 |       |       ||     1
       Unarmed           |     1 |       |       ||     1
       Halberd           |       |       |    45 ||    45
       Staff             |       |       |    13 ||    13
Throw: Stone             |    10 |    47 |    11 ||    68
 Cast: Freeze            |    49 |     3 |       ||    52
       Frozen Ramparts   |    12 |    24 |    26 ||    62
       Ozocubu's Armour  |       |     3 |    11 ||    14
  Use: Scroll            |       |     7 |     8 ||    15
 Stab: Sleeping          |     1 |       |     4 ||     5
Armor: Robe              |     8 |    43 |   107 ||   158
Dodge: Dodged            |    32 |    79 |   156 ||   267
